 Dungeon Crawl Stone Soup version 0.31-a0-236-g9a0961fb85 (webtiles) character file.

Game seed: 12973607403414999304

14 qw the Shooter (level 2, -4/24 HPs)
             Began as a Minotaur Hexslinger on July 10, 2023.
             Slain by a gnoll
             ... wielding a +0 whip
             ... led by a gnoll bouda
              (6 damage)
             ... on level 2 of the Dungeon.
             The game lasted 00:00:14 (923 turns).

qw the Shooter (Minotaur Hexslinger)                 Turns: 923, Time: 00:00:14

Health: -4/24      AC:  3    Str: 12    XL:     2   Next: 31%
Magic:  2/2        EV: 11    Int: 10    God:
Gold:   64         SH:  0    Dex: 12    Spells: 2/3 levels left

rFire   . . .        Y - +2 sling
rCold   . . .        (no shield)
rNeg    . . .        f - +0 leather armour
rPois   .            (helmet restricted)
rElec   .            (no cloak)
rCorr   .            (no gloves)
SInv    .            (no boots)
Will    .....        e - amulet of the acrobat
Stlth   +            (no ring)
HPRegen 0.24/turn    (no ring)
MPRegen 0.08/turn

%: acrobat
@: weakened
A: horns 2, retaliatory headbutt
a: no special abilities


You were on level 2 of the Dungeon.
You visited 1 branch of the dungeon, and saw 2 of its levels.

You collected 100 gold pieces.
You spent 36 gold pieces at shops.


Innate Abilities, Weirdness & Mutations

You have a pair of horns on your head.
You reflexively headbutt those who attack you in melee.


   Skills:
 + Level 1.8 Fighting
 - Level 3.1 Ranged Weapons
 - Level 2.1 Dodging
 - Level 1.0 Spellcasting
 - Level 2.0 Hexes


You had 2 spell levels left.
You knew the following spells:

 Your Spells              Type           Power      Damage    Failure   Level
a - Slow                  Hex            16%        N/A       19%         1

Your spell library contained the following spells:

 Spells                   Type           Power      Damage    Failure   Level
 Inner Flame              Hex/Fire       2%         N/A       65%         3
 Portal Projectile        Hex/Tloc       4%         N/A       65%         3
 Cause Fear               Hex            2%         N/A       88%         4

Inventory:

Hand Weapons
 Y - a +2 sling (weapon)
Armour
 f - a +0 leather armour (worn)
Jewellery
 e - an amulet of the acrobat (around neck)
Potions
 a - a potion of cancellation {unknown}
 i - a potion of degeneration {unknown}
 j - a potion of curing

Dungeon Overview and Level Annotations

Branches:
Dungeon (2/15)

Altars:

Shops:
D:1 *


Message History

The gnoll bouda is lightly wounded.
You hear a shout! x2
You shoot a sling bullet.
The sling bullet hits the gnoll bouda but does no damage.
The gnoll bouda is lightly wounded.
You shoot a sling bullet.
The sling bullet hits the gnoll bouda but does no damage.
The gnoll bouda is lightly wounded.
The gnoll bouda hits you with a +0 whip.
You shoot a sling bullet.
The sling bullet closely misses the gnoll bouda.
The gnoll bouda gazes fiercely through you!
You feel your attacks grow feeble. The gnoll bouda closely misses you.
You shoot a sling bullet.
The sling bullet barely misses the gnoll bouda.
The gnoll bouda barks out a call to the hunt!
You hear a shout! x3
You shoot a sling bullet.
The sling bullet closely misses the gnoll bouda.
The gnoll bouda hits you with a +0 whip!
A gnoll comes into view. It is wielding a +0 club.
A gnoll comes into view. It is wielding a +0 whip.
The gnoll shouts!
You shoot a sling bullet.
The sling bullet closely misses the gnoll bouda.
The sling bullet hits the gnoll but does no damage.
Your attacks no longer feel as feeble.
The gnoll bouda barks out a call to the hunt!
The gnoll picks up the pace!
The gnoll bouda hits you with a +0 whip!
A gnoll comes into view. It is wielding a +0 flail.
You shoot a sling bullet. The sling bullet hits the gnoll bouda.
The gnoll bouda is moderately wounded.
The gnoll hits you with a +0 club.
The gnoll bouda gazes fiercely through you!
You feel your attacks grow feeble.
The gnoll bouda hits you with a +0 whip.
The gnoll hits you with a +0 whip.
You die...

#.# #..##.# # #.# #..
#.# #. #.#####..##.#
#####.##.###........##.#
.............######.##.#
......##.......#
#...#####..#.....
#.#..gg.....######
#..$g@...#.)....
#..g.####...##### ##.#
##### #


You could see a gnoll bouda and 3 gnolls.

Vanquished Creatures
  An endoplasm (D:1)
  A giant cockroach (D:1)
  A goblin (D:1)
  A hobgoblin (D:1)
  3 jackals (D:1)
  3 kobolds
  A frilled lizard (D:1)
  A rat (D:1)
12 creatures vanquished.

Notes
Turn   | Place    | Note
-------+----------+-------------------------------------------
     0 | D:1      | qw the Minotaur Hexslinger began the quest for the Orb.
     0 | D:1      | Reached XP level 1. HP: 16/16 MP: 1/1
     0 | D:1      | 0 ||| qw: Version: 0.3-a-52-g30416fa
     0 | D:1      | 0 ||| qw: Game counter: 4767
     0 | D:1      | 0 ||| qw: Melee chars always use a shield: true
     0 | D:1      | 0 ||| qw: God list: Okawaru
     0 | D:1      | 0 ||| qw: Allow faded altars: false
     0 | D:1      | 0 ||| qw: Do Orc after clearing Dungeon:15 true
     0 | D:1      | 0 ||| qw: Do second Lair branch before Depths: true
     0 | D:1      | 0 ||| qw: Lair rune preference: random
     0 | D:1      | 0 ||| qw: Goals: Normal
     0 | D:1      | 0 ||| PLANNING D:1-11
   501 | D:1      | Reached skill level 3 in Ranged Weapons
   501 | D:1      | Reached XP level 2. HP: 23/23 MP: 2/2
   662 | D:1      | Found Busko's General Store.
   667 | D:1      | 667 ||| BUYING potion of curing (36 gold).
   667 | D:1      | Bought a potion of curing for 36 gold pieces
   667 | D:1      | 667 ||| SHOPLISTING potion of mutation (96 gold, have 17).
   667 | D:1      | 667 ||| SHOPLISTING scroll of identify (24 gold, have 17).
   820 | D:1      | 820 ||| UPGRADING to +0 leather armour.
   830 | D:1      | 830 ||| DROPPING +0 robe.
   831 | D:1      | 831 ||| UPGRADING to amulet of the acrobat.
   836 | D:1      | 836 ||| READING scroll labelled ETIFI USTREOJUO.
   837 | D:1      | 837 ||| READING scroll labelled LAIQ GAEMI.
   838 | D:1      | 838 ||| READING scroll labelled GOMEYCZIMN.
   839 | D:1      | 839 ||| DROPPING scroll of poison.
   923 | D:2      | HP: 3/24 [gnoll/+0 club[a gnoll bouda] (4)]
   923 | D:2      | Slain by a gnoll

Levels and vault maps discovered:
D:1:      matt_arrival_los_fun, layout_basic, serial_shops,
          nicolae_shop_tiny_statue_garden, chequers_serial_rivers_micro_c,
          minmay_hedge_maze, chequers_serial_rivers_micro_a
D:2:      layout_loops_ring, hellmonk_ecumenical_altar_watching_god

Skill      XL: |  1 |
---------------+----+-----
Ranged Weapons | 3 |  3.1
Fighting       | |  1.8
Dodging        | |  2.1
Spellcasting   | |  1.0
Hexes          | |  2.0

Action                     || total
---------------------------++-------
   Fire: Sling             ||    44
    Use: Scroll            ||     3
 Armour: Robe              ||     3
  Dodge: Dodged            ||    13

Table legend:
 A = Non-vault XP
 B = Vault XP
 C = Vault XP percentage of total XP
 D = Non-vault monster count
 E = Vault monster count
 F = Vault count percentage of total count
                 A         B        C        D         E       F
            +---------+---------+-------+---------+---------+-------
      Total |      21 |       0 |   0.0 |      12 |       0 |   0.0
            +---------+---------+-------+---------+---------+-------
        D:1 |      20 |       0 |   0.0 |      11 |       0 |   0.0
        D:2 |       1 |       0 |   0.0 |       1 |       0 |   0.0
            +---------+---------+-------+---------+---------+-------
